cohdb
Replays
Latest Replays
All Replays
Popular Replays
Top Player Replays
Match Explorer
How It Works
Community
CoH3 Stats
Reddit
Sign in to upload your games and track your stats! →
Sign in with Steam
Match 45608764
Unlisted
Match 45608764
Overview
Messages
Build Orders
End
Construct Infanterie Kompanie
Kettenkrad Recon Vehicle
Selects Mechanized Battlegroup
Grenadier Squad
Grenadier Squad
Infanterie Officer Quarters
GrW 34 Mortar Team
Construct Luftwaffe Kompanie
Grenadier Squad
221 Scout Car
Selects Mobile Repair Stations
Flak 30 Anti-aircraft Gun Team
Selects Raid Package
Jäger Squad
Selects StuG Assault Group
StuG Assault Group
Grenadier Squad
Pioneer Squad
Niker1
Lord Tupalem of Campers
Angrybirds
Tiensin
0
0
Comments
sign in to comment!
No comments posted yet!